 Dungeon Crawl Stone Soup version 0.31.0-12-g77e489cdc1 (webtiles) character file.

Game seed: 13397840037034591852

1254 ezpacito the Trooper (level 8, -3/62 HPs)
             Began as a Demonspawn Berserker on Feb 12, 2024.
             Was a Priest of Trog.
             Slain by a gnoll bouda
             ... wielding a +0 club
              (9 damage)
             ... on level 6 of the Dungeon.
             The game lasted 00:08:52 (5008 turns).

ezpacito the Trooper (Demonspawn Berserker)         Turns: 5008, Time: 00:08:53

Health: -3/62      AC:  3    Str: 20    XL:     8   Next: 26%
Magic:  8/8        EV: 13    Int:  8    God:    Trog [***...]
Gold:   260        SH:  0    Dex: 14    Spells: 7/7 levels left

rFire   + . .        a - +0 hand axe
rCold   + . .        (no shield)
rNeg    + . .        m - +1 robe "Amadur" {+Inv rF+ rN+ Stlth+}
rPois   .            (no helmet)
rElec   .            (no cloak)
rCorr   .            (no gloves)
SInv    .            (no boots)
Will    .....        (no amulet)
Stlth   ++++         c - ring of protection from cold
HPRegen 0.30/turn    (no ring)
MPRegen 0.11/turn

%: no passive effects
@: lethally poisoned (-3 -> -4), on berserk cooldown, slowed, very slow
A: thin skeletal structure 1, demonic guardian 1, foul stench 1, weakness
stinger 1
a: Renounce Religion, Evoke Invisibility, Berserk, Trog's Hand


You were on level 6 of the Dungeon.
You worshipped Trog.
Trog was most pleased with you.
You visited 1 branch of the dungeon, and saw 6 of its levels.

You collected 260 gold pieces.

Inventory:

Hand Weapons
 a - a +0 hand axe (weapon)
 h - a +2 dagger of venom
 j - a +2 dagger of distortion
Missiles
 e - 52 stones (quivered)
 n - 8 boomerangs
 p - 3 poisoned darts
 t - 6 atropa-tipped darts
 u - a throwing net
Armour
 g - a +3 ring mail of cold resistance
 m - the +1 robe "Amadur" (worn) {+Inv rF+ rN+ Stlth+}
   (You found it on level 2 of the Dungeon)

   rF+:       It protects you from fire.
   rN+:       It protects you from negative energy.
   +Inv:      It lets you turn invisible.
   Stlth+:    It makes you more stealthy.
Jewellery
 c - a ring of protection from cold (left hand)
 k - a ring of ice
 l - a ring of poison resistance
Wands
 o - a wand of charming (11)
Scrolls
 b - 2 scrolls of identify
 d - a scroll of vulnerability
 f - a scroll of immolation
 r - a scroll of enchant armour
 s - a scroll of silence
Potions
 i - a potion of heal wounds


   Skills:
 * Level 5.0 Fighting
 * Level 4.6 Axes
 * Level 4.0 Armour
 * Level 4.0 Dodging
 + Level 2.7 Stealth
 * Level 3.4 Unarmed Combat
 + Level 2.1 Evocations


You had 7 spell levels left.
You didn't know any spells.
Your spell library contained the following spells:

 Spells                   Type           Power      Damage    Failure   Level
 Volatile Blastmotes      Fire/Tloc      0%         2d10      78%         3
 Fulminant Prism          Conj/Alch      0%         3d5       99%         4
 Iskenderun's Mystic Bla  Conj/Tloc      0%         2d3       99%         4


Dungeon Overview and Level Annotations

Branches:
Dungeon (6/15)
 Temple: D:4-7

Altars:

Shops:
D:1 (


Innate Abilities, Weirdness & Mutations

You have a somewhat thin skeletal structure. (Dex +2, Stealth+)
A weak demonic guardian rushes to your aid.
You may rarely emit foul miasma when damaged in melee.
You have a small tail.


Message History

The adder bites you.
You are poisoned.
The adder poisons you!
You emit a cloud of foul miasma!
The gnoll hits you with a +0 spear.
Your ufetubus barely misses the gnoll bouda.
Your ufetubus hits the gnoll bouda but does no damage.
The gnoll hits you with a +0 whip.
* * * LOW HITPOINT WARNING * * *
The gnoll hits you but does no damage.
Your Fighting skill increases to level 5!
Your Dodging skill increases to level 4!
You barely miss the gnoll bouda.
The gnoll bouda is almost dead.
You closely miss the gnoll. You barely miss the adder. You slash the adder!
You hit the gnoll.
You feel sick.
The adder is engulfed in dark miasma.
The adder is poisoned.
You kill the adder!
Trog accepts your kill. The adder barely misses you.
The gnoll bouda misses you. The gnoll hits you with a +0 spear.
* * * LOW HITPOINT WARNING * * *
You emit a cloud of foul miasma!
Your ufetubus barely misses the gnoll bouda.
Your ufetubus hits the gnoll bouda but does no damage.
You closely miss the gnoll bouda.
The gnoll bouda is almost dead.
You hit the adder. You hit the gnoll. You slash the gnoll!
You kill the gnoll!
Trog accepts your kill.
You are no longer berserk.
You are exhausted.
You feel yourself slow down.
You feel sick. The adder bites you.
* * * LOW HITPOINT WARNING * * *
The gnoll barely misses you.
The gnoll hits you from afar with a +0 spear.
* * * LOW HITPOINT WARNING * * *
Your ufetubus closely misses the gnoll bouda.
Your ufetubus barely misses the gnoll bouda.
The gnoll bouda hits you with a +0 club!
You die...

#.# ... #.# ... #.# ..
#.# ####.. #.# ..#.# #.#
#######.#.# #.#
......g)#.# #.#
.....g.@S.##### #.#
.....$g§§..[..###.######
.....5..................
..............###.######
..............# #.#
..............# #.#
#########.....# #.#
........# #.# ........#
#.#


You could see a gnoll bouda (ally target), 2 gnolls, an adder and a friendly
ufetubus (summoned).

Vanquished Creatures
  Sigmund (D:2)
  An ice beast (D:5)
  3 phantoms
  A centaur (D:5)
  A bullfrog (D:6)
  2 scorpions
  2 jellies (D:5)
  2 howler monkeys (D:5)
  A hound (D:5)
  A gnoll bouda (D:5)
  An iguana (D:5)
  6 gnolls
  7 adders
  2 ufetubi (D:5)
  A ribbon worm (D:2)
  5 dart slugs
  11 orcs
  8 ball pythons
  9 endoplasms
  3 giant cockroaches
  3 goblins
  8 hobgoblins
  3 jackals (D:1)
  11 kobolds
  A quokka (D:2)
  3 bats
  3 frilled lizards
  3 rats
103 creatures vanquished.

Vanquished Creatures (collateral kills)
  A scorpion (D:4)
  A quokka (D:5)
2 creatures vanquished.

Grand Total: 105 creatures vanquished

Notes
Turn   | Place    | Note
-------+----------+-------------------------------------------
     0 | D:1      | ezpacito the Demonspawn Berserker began the quest for the
                  | Orb.
     0 | D:1      | Reached XP level 1. HP: 18/18 MP: 1/1
    58 | D:1      | You fall into a shaft and drop 1 floor!
   179 | D:2      | Gained mutation: You have a somewhat thin skeletal
                  | structure. (Dex +2, Stealth+) [demonic ancestry]
   179 | D:2      | Reached XP level 2. HP: 21/24 MP: 2/2
   197 | D:2      | Noticed Sigmund
   595 | D:1      | Reached ** piety under Trog
   715 | D:1      | Gained mutation: You have a small tail. [demonic ancestry]
   715 | D:1      | Reached XP level 3. HP: 27/29 MP: 3/3
   870 | D:1      | Found Mist's Antique Weapon Boutique.
  1287 | D:2      | Killed Sigmund
  1288 | D:2      | Reached skill level 1 in Stealth
  1288 | D:2      | Reached skill level 1 in Unarmed Combat
  1288 | D:2      | Reached XP level 4. HP: 37/37 MP: 4/4
  1288 | D:2      | Gained mutation: A weak demonic guardian rushes to your
                  | aid. [demonic ancestry]
  1288 | D:2      | Reached XP level 5. HP: 42/42 MP: 5/5
  1332 | D:2      | Identified the +1 robe "Amadur" {+Inv rF+ rN+ Stlth+}
  1748 | D:2      | Found a faded altar of an unknown god.
  2804 | D:4      | Reached XP level 6. HP: 25/48 MP: 6/6
  2993 | D:4      | Reached skill level 4 in Fighting
  3074 | D:4      | Reached skill level 1 in Evocations
  3187 | D:4      | Reached *** piety under Trog
  3702 | D:5      | Entered Level 5 of the Dungeon
  3724 | D:5      | Noticed an ice beast
  3737 | D:5      | Gained mutation: You may rarely emit foul miasma when
                  | damaged in melee. [demonic ancestry]
  3737 | D:5      | Reached XP level 7. HP: 12/54 MP: 7/7
  3738 | D:5      | HP: 2/81 [centaur (3)]
  4517 | D:5      | Reached XP level 8. HP: 24/61 MP: 8/8
  4532 | D:5      | HP: 2/91 [howler monkey (7)]
  5007 | D:6      | Reached skill level 5 in Fighting
  5008 | D:6      | Slain by a gnoll bouda

Illustrated notes

Levels and vault maps discovered:
D:1:      amcnicky_arrival_abandoned_market, layout_basic, serial_shops,
          nicolae_shop_stone
D:2:      layout_rooms, shapermc_ecumenical_altar_mp_urbaneastern, serial_glass,
          glass_columns_a, glass_columns_c, glass_columns_a, glass_columns_a,
          glass_columns_a, glass_columns_b, glass_columns_b, glass_columns_a,
          minmay_statues_item, st_stairs_12, uniq_sigmund
D:3:      layout_rooms, chequers_big_river, minivault_5
D:4:      layout_gridville, serial_glass, glass_columns_a, glass_columns_c,
          minmay_strange_pillars, item_on_display_a, minmay_strange_pillars
D:5:      layout_basic, mainiacjoe_overflow_24_doors, nicolae_grassy_gnolls
D:6:      layout_basic, nicolae_uskayaw_dance_hall,
          minmay_temple_entry_antechambers

Skill      XL: |  1  2  3  4  5  6  7  8 |
---------------+-------------------------+-----
Dodging        | 2 3 4 |  4.0
Armour         | 2 3 4 |  4.0
Axes           | 3 4 |  4.6
Stealth        | 1 2 |  2.7
Unarmed Combat | 1 2 3 |  3.4
Fighting       | 4 5 |  5.0
Evocations     | 1 2 |  2.1

Action                     |  1- 3 |  4- 6 |  7- 9 || total
---------------------------+-------+-------+-------++-------
  Melee: Hand axe          |   100 |   153 |    89 ||   342
         Tailslap          |     3 |    24 |    14 ||    41
         Punch             |       |     6 |     3 ||     9
 Invoke: Berserk           |     1 |     3 |     5 ||     9
    Use: Potion            |       |     7 |       ||     7
         Scroll            |       |     4 |     2 ||     6
   Stab: Sleeping          |     3 |    13 |       ||    16
         Distracted        |       |     3 |       ||     3
 Armour: Animal skin       |    10 |       |       ||    10
         Ring mail         |    58 |     7 |       ||    65
         Robe              |       |    70 |    75 ||   145
  Dodge: Dodged            |    57 |    86 |    64 ||   207
